Map: Ruins of Seras

Players

Bagain - Winner!

  • Race: Protoss Protoss
  • League: Gold

llllllllllll

  • Race: Protoss Protoss
  • League: Master

VOD

Have the link to the VOD?

Description

Time

  • Played on: Feb. 14, 2016, 6:55 a.m.
  • Length: 7:38
Show
View Real Time Build Order
Export as new Build Order

Bagain Protoss - Winner!

Build Orders:  

Get SALT Encoding   

  12  0:01  Probe (Chrono Boost)  
  13  0:12  Probe (Chrono Boost)  
  14  0:24  Pylon  
  14  0:25  Probe (Chrono Boost)  
  16  0:42  Probe (Chrono Boost)  
  16  0:43  Gateway  
  16  0:47  Assimilator  
  16  0:53  Probe (Chrono Boost)  
  17  1:06  Pylon, Probe (Chrono Boost)  
  18  1:16  Probe (Chrono Boost)  
  19  1:21  Assimilator  
  19  1:27  Probe (Chrono Boost)  
  19  1:30  Cybernetics Core  
  20  1:38  Probe (Chrono Boost)  
  21  1:48  Probe (Chrono Boost)  
  22  1:59  Probe (Chrono Boost)  
  23  2:08  Adept (Chrono Boost)  
  25  2:11  Mothership Core  
  25  2:14  Pylon  
  27  2:16  Gateway  
  27  2:19  Gateway  
  27  2:35  Adept (Chrono Boost)  
  29  2:37  Probe  
  30  2:55  Warp Gate (Chrono Boost)  
  30  2:58  Adept  
  32  3:11  Stalker x2  
  36  3:17  Robotics Facility  
  36  3:19  Pylon  
  36  3:29  Stalker  
  38  3:45  Stalker x2  
  42  3:52  Pylon  
  41  4:06  Immortal (Chrono Boost)  
  45  4:25  Pylon  
  45  4:45  Immortal (Chrono Boost)  
  49  4:49  Adept x2  
  49  4:50  Adept  
  55  5:10  Adept x2  
  55  5:12  Sentry  
  61  5:31  Stalker  
  57  6:06  Stalker x3  
  61  6:25  Pylon  
  61  6:27  Pylon  
  61  7:06  Stalker x3  
  61  7:09  Pylon  
  61  7:12  Gateway  
  61  7:14  Gateway  
  61  7:18  Gateway  
Show
View Real Time Build Order
Export as new Build Order

llllllllllll Protoss 

Build Orders:  

Get SALT Encoding   

  12  0:01  Probe (Chrono Boost)  
  13  0:18  Pylon  
  13  0:19  Probe (Chrono Boost)  
  14  0:31  Assimilator  
  14  0:32  Probe (Chrono Boost)  
  15  0:42  Gateway  
  15  0:53  Probe (Chrono Boost)  
  17  1:04  Probe (Chrono Boost)  
  17  1:08  Gateway  
  17  1:14  Probe (Chrono Boost)  
  18  1:27  Probe (Chrono Boost)  
  18  1:30  Zealot  
  21  1:40  Probe (Chrono Boost)  
  21  1:45  Pylon  
  22  2:06  Probe (Chrono Boost)  
  23  2:17  Nexus  
  23  2:29  Pylon  
  23  2:36  Cybernetics Core  
  23  2:38  Probe (Chrono Boost)  
  24  2:46  Zealot  
  24  2:48  Zealot  
  28  3:10  Probe (Chrono Boost)  
  28  3:12  Forge  
  29  3:15  Gateway  
  29  3:25  Stalker x2  
  33  3:29  Probe (Chrono Boost)  
  33  3:30  Probe (Chrono Boost)  
  35  3:40  Probe (Chrono Boost)  
  35  3:41  Mothership Core (Chrono Boost)  
  38  3:48  Pylon  
  38  3:51  Probe (Chrono Boost)  
  39  4:04  Probe (Chrono Boost), Photon Cannon  
  39  4:05  Probe (Chrono Boost)  
  41  4:13  Pylon  
  41  4:15  Probe (Chrono Boost)  
  42  4:21  Warp Gate (Chrono Boost)  
  42  4:24  Probe  
  42  4:26  Probe  
  44  4:33  Gateway  
  44  4:35  Gateway  
  44  4:39  Probe, Photon Cannon  
  44  4:40  Probe  
  46  4:47  Stalker  
  48  4:53  Probe  
  48  4:59  Assimilator  
  49  5:00  Probe  
  49  5:04  Stalker  
  49  5:05  Probe  
  49  5:06  Zealot  
  55  5:17  Zealot  
  57  5:24  Probe  
  57  5:25  Probe  
  59  5:33  Stalker x2  
  63  5:38  Probe  
  63  5:39  Gateway  
  58  5:44  Stalker  
  60  5:57  Photon Cannon  
Tags
 
Matchup
PvP
Replay Pack
rep
Add a new tag
Caveats
  • Supply blocks, unpowered buildings, or Contaminate may cause inaccurate times.
  • Supply counts are checked every 10 seconds.